AoeStats
← omi_omar

Lombardia

508001801Analyzed
3v3 RM · 11d ago on Sep 20, 2026· 40m 21s· 6 players
Game mode
Random Map
Map size
Normal (6 player)
Population
200
Speed
Normal
Resources
Standard
Victory
Conquest
Starting age
Dark Age
Ending age
Imperial Age
RankedLock teamsTeams togetherTeam positionsShared explorationLock speedFull tech treeHidden civsTurbo modeCheats
Victory
Defeat
🇦🇷 Japanese · Argentina
780
+12
🇨🇭 Romans · Switzerland
744
+13
🇹🇷 Mongols · Türkiye
714
+16
🇷🇺 Turks · Russia
701
-14
🇫🇷 Burgundians · France
698
-14
🇮🇹 Khmer · Italy
669
-13
Hash
10:31 Feudal Age
11:50 Wheelbarrow
11:38 Horse Collar
11:46 Double-Bit Axe
14:15 Town Watch
18:30 Gold Mining
20:54 Forging
22:36 Scale Barding Armor
24:31 Bloodlines
31:15 Castle Age
32:22 Hand Cart
32:15 Town Patrol
32:51 Bow Saw
33:21 Caravan
34:19 Husbandry
36:51 Gold Shaft Mining
36:31 Loom
40:31 Imperial Age
40:14 Iron Casting
vasia003
0:30 Loom
12:26 Feudal Age
19:35 Castle Age
19:27 Double-Bit Axe
vince69140
10:17 Loom
13:35 Feudal Age
12:44 Double-Bit Axe
16:31 Horse Collar
19:07 Castle Age
21:49 Heavy Plow
29:46 Forging
29:37 Scale Mail Armor
30:36 Gold Mining
31:15 Padded Archer Armor
31:50 Bow Saw
32:45 Fletching
33:51 Gold Shaft Mining
35:44 Two-Man Saw
35:03 Squires
34:49 Arson
35:51 Bodkin Arrow
36:33 Iron Casting
36:14 Chain Mail Armor
36:15 Leather Archer Armor
36:22 Scale Barding Armor
37:02 Crossbowman
xkrmx
13:15 Feudal Age
12:33 Loom
16:51 Castle Age
14:46 Horse Collar
16:46 Double-Bit Axe
17:01 Fletching
17:23 Forging
21:30 Wheelbarrow
22:28 Thumb Ring
22:23 Fletching
23:38 Padded Archer Armor
24:50 Bow Saw
24:42 Heavy Plow
28:44 Hand Cart
28:17 Town Watch
28:51 Bodkin Arrow
30:46 Husbandry
31:10 Gold Mining
31:55 Ballistics
31:54 Leather Archer Armor
32:24 Pikeman
33:07 Squires
37:04 Imperial Age
35:19 Scale Mail Armor
38:04 Iron Casting
37:45 Chain Mail Armor
39:44 Gold Shaft Mining
39:34 Heavy Cavalry Archer
omi_omar
1:09 Loom
10:30 Feudal Age
11:11 Double-Bit Axe
11:10 Horse Collar
11:40 Gold Mining
18:02 Castle Age
19:23 Wheelbarrow
23:03 Bow Saw
23:09 Heavy Plow
24:59 Hand Cart
29:13 Town Watch
29:44 Forging
29:35 Scale Mail Armor
29:40 Scale Barding Armor
29:36 Padded Archer Armor
29:26 Fletching
32:19 Fortified Wall
33:41 Gold Shaft Mining
32:57 Stone Mining
32:35 Crossbowman
33:45 Ballistics
33:35 Masonry
33:33 Murder Holes
33:59 Ballistics
33:50 Masonry
33:35 Guard Tower
36:35 Imperial Age
34:05 Town Patrol
36:28 Chain Mail Armor
36:48 Iron Casting
36:34 Chain Barding Armor
38:12 Crop Rotation
38:19 Heavy Scorpion
39:22 Conscription
39:23 Comitatenses
39:20 Ballistas
40:40 Chemistry
40:11 Architecture
Nahue
2:27 Loom
10:12 Feudal Age
10:43 Double-Bit Axe
11:40 Horse Collar
12:58 Stone Mining
16:55 Gold Mining
23:26 Castle Age
23:05 Man-at-Arms
26:36 Gold Shaft Mining
26:26 Heavy Plow
26:46 Bow Saw
29:02 Scale Mail Armor
29:47 Fortified Wall
31:25 Husbandry
35:36 Imperial Age
33:44 Forging
34:20 Masonry
36:01 Wheelbarrow
35:36 Town Watch
36:20 Scale Barding Armor
36:51 Iron Casting
37:30 Padded Archer Armor
37:46 Chain Mail Armor
39:12 Two-Man Saw
40:01 Blast Furnace
39:28 Hand Cart
39:32 Bloodlines
39:19 Capped Ram
40:05 Cavalier
Connection lost

Rejoining the realm…

Still unreachable

The connection could not be restored.

Session expired

The server has moved on; the page needs a fresh start.